 Dungeon Crawl Stone Soup version 0.28.0-62-gf88900778d (webtiles) character file.

Game seed: 3756178400011325865

111 browni3141 the Vexing (level 5, -5/37 HPs)
             Began as a Human Enchanter on Feb 27, 2023.
             Killed from afar by Ijyb (10 damage)
             ... with a puff of flame
             ... on level 3 of the Dungeon.
             The game lasted 00:07:26 (2876 turns).

browni3141 the Vexing (Human Enchanter)             Turns: 2876, Time: 00:07:27

Health: -5/37      AC:  3    Str:  8    XL:     5   Next: 15%
Magic:  5/8        EV: 12    Int: 18    God:
Gold:   96         SH:  0    Dex: 13    Spells: 3/8 levels left

rFire   . . .      SeeInvis .   a - +2 dagger
rCold   . . .      Faith    .   (no shield)
rNeg    . . .      Spirit   .   b - +0 robe
rPois   .          Reflect  .   (no helmet)
rElec   .          Harm     .   (no cloak)
rCorr   .          Rampage  .   (no gloves)
Will    .....                   i - +0 pair of boots
Stlth   ++........              (no amulet)
HPRegen 0.12/turn               (no ring)
MPRegen 0.11/turn               (no ring)

@: flying
A: no striking features
a: no special abilities


You were on level 3 of the Dungeon.
You visited 1 branch of the dungeon, and saw 3 of its levels.

You collected 132 gold pieces.
You spent 36 gold pieces at shops.


   Skills:
 - Level 1.0 Fighting
 - Level 1.0 Short Blades
 - Level 2.0 Dodging
 - Level 3.0 Stealth
 - Level 2.0 Spellcasting
 * Level 4.7 Hexes
 - Level 2.0 Ice Magic


You had 3 spell levels left.
You knew the following spells:

 Your Spells              Type           Power      Damage    Failure   Level
d - Tukima's Dance        Hex            18%        N/A       8%          3
z - Ensorcelled Hibernat  Hex/Ice        26%        N/A       7%          2

Your spell library contained the following spells:

 Spells                   Type           Power      Damage    Failure   Level
 Confusing Touch          Hex            18%        N/A       8%          3
 Dazzling Flash           Conj/Hex       20%        N/A       21%         3

Inventory:

Hand Weapons
 a - a +2 dagger (weapon)
Armour
 b - a +0 robe (worn)
 i - a +0 pair of boots (worn)
Potions
 c - a potion of flight
 e - a potion of haste {unknown}
 f - a potion of attraction {!q}
 h - a potion of lignification {unknown}

Dungeon Overview and Level Annotations

Branches:
Dungeon (3/15)

Altars:

Shops:
D:2 !

Annotations:
D:3 Ijyb

#..............
##.##.##...#...
#..........#
#.....##...#
##.....##...#
......##.##...#
##............#
........g##g#.#
###.#.######@#.#
g..#.# ###.#
##.#.########g#
#.#..........#
#.#.##.......#
###g#.##)......#
#.......รท......#
###+#........#######
#............#


You could see Ijyb.


Message History

* * * LOW HITPOINT WARNING * * *
You closely miss the gnoll.
The gnoll is almost dead.
The gnoll hits you but does no damage.
You barely miss the gnoll.
The gnoll is almost dead.
The gnoll barely misses you.
You barely miss the gnoll.
The gnoll is almost dead.
The gnoll hits you.
* * * LOW HITPOINT WARNING * * *
You barely miss the gnoll.
The gnoll is almost dead.
The gnoll hits you.
* * * LOW HITPOINT WARNING * * *
You barely miss the gnoll.
The gnoll is almost dead.
The gnoll completely misses you.
You hit the gnoll.
You kill the gnoll!
Aiming: Ensorcelled Hibernation (safe; 7% risk of failure)
Press: ? - help, Q - select action, (/) - cycle Shift-Dir - straight line, f - Ijyb
Aim: Ijyb, wielding a +0 club, wearing a +0 ring mail and carrying a wand of flame (15) (chance to affect: 55%) Ijyb looks drowsy...
Unknown command.
The helpless Ijyb fails to defend herself.
You puncture Ijyb!
Ijyb is heavily wounded.
Ijyb zaps a wand.
The puff of flame hits you!
You die...

Skill      XL: |  1  2  3  4 |
---------------+-------------+-----
Fighting       | 1 |  1.0
Hexes          | 4 |  4.7
Ice Magic      | 1 2 |  2.0
Short Blades   | |  1.0
Dodging        | |  2.0
Stealth        | |  3.0
Spellcasting   | |  2.0

Action                   |  1- 3 |  4- 6 || total
-------------------------+-------+-------++-------
Melee: Dagger            |   107 |    49 ||   156
       Punch             |     2 |     1 ||     3
 Cast: Ensorcelled Hiber |    11 |    14 ||    25
       Tukima's Dance    |       |     2 ||     2
  Use: Potion            |     1 |     2 ||     3
       Scroll            |     1 |     3 ||     4
 Stab: Sleeping          |    11 |    11 ||    22
Armor: Robe              |    22 |     7 ||    29
Dodge: Dodged            |    68 |    25 ||    93

Levels and vault maps discovered:
D:1:      dpeg_arrival_shelter, layout_rooms,
          dreamdust_ecumenical_altar_statues, minmay_tetromino_i2
D:2:      layout_basic, serial_shops, shop
D:3:      layout_basic, chequers_serial_rivers_small_3, st_stairs_4, uniq_ijyb

Notes
Turn   | Place    | Note
-------+----------+-------------------------------------------
     0 | D:1      | browni3141 the Human Enchanter began the quest for the Orb.
     0 | D:1      | Reached XP level 1. HP: 13/13 MP: 3/3
    47 | D:1      | Reached skill level 1 in Fighting
   206 | D:1      | Reached XP level 2. HP: 20/21 MP: 5/5
   238 | D:1      | Found a faded altar of an unknown god.
   276 | D:1      | Learned a level 2 spell: Ensorcelled Hibernation
   694 | D:1      | Reached XP level 3. HP: 20/26 MP: 2/6
   813 | D:1      | Reached skill level 4 in Hexes
  1264 | D:2      | Reached skill level 1 in Ice Magic
  1317 | D:2      | Found Tefadwe's Distillery.
  1340 | D:2      | Bought a potion of curing for 36 gold pieces
  1690 | D:2      | Reached XP level 4. HP: 32/32 MP: 4/7
  1921 | D:2      | Reached skill level 2 in Ice Magic
  1925 | D:2      | Learned a level 3 spell: Tukima's Dance
  2272 | D:3      | Noticed Ijyb
  2700 | D:3      | Reached XP level 5. HP: 23/37 MP: 5/8
  2876 | D:3      | Killed from afar by Ijyb

Vanquished Creatures
  3 gnolls (D:3)
  4 adders
  4 dart slugs (D:1)
  3 bats
  5 endoplasms
  A giant cockroach (D:1)
  3 goblins
  3 hobgoblins
  2 jackals (D:1)
  4 kobolds
  2 quokkas (D:2)
  2 ball pythons (D:1)
  3 frilled lizards
39 creatures vanquished.

Vanquished Creatures (others)
  2 dancing weapons (D:3)
2 creatures vanquished.

Grand Total: 41 creatures vanquished

Table legend: (Time is in decaauts)
 A = Elapsed time spent in this place.
 B = Non-inter-level travel time spent in this place.
 C = Inter-level travel time spent in this place.
 D = Time resting spent in this place.
 E = Time spent auto-exploring this place.
 F = Levels seen in this place.
 G = Mean time per level.
                   A        B        C        D        E       F      G
               +--------+--------+--------+--------+--------+-----+--------+
         Total |   2870 |   2752 |    118 |    498 |   1639 |   3 |  956.7 |
       Dungeon |   2870 |   2752 |    118 |    498 |   1639 |   3 |  956.7 |
               +--------+--------+--------+--------+--------+-----+--------+

Top non-repeatable levels by time:
     D:2: 1435 daAuts
     D:1: 1160 daAuts
     D:3: 274 daAuts

Table legend:
 A = Non-vault XP
 B = Vault XP
 C = Vault XP percentage of total XP
 D = Non-vault monster count
 E = Vault monster count
 F = Vault count percentage of total count
                 A         B        C        D         E       F
            +---------+---------+-------+---------+---------+-------
      Total |     155 |       4 |   2.5 |      37 |       2 |   5.1
            +---------+---------+-------+---------+---------+-------
        D:1 |      41 |       4 |   8.9 |      19 |       2 |   9.5
        D:2 |      51 |       0 |   0.0 |      10 |       0 |   0.0
        D:3 |      63 |       0 |   0.0 |       8 |       0 |   0.0
            +---------+---------+-------+---------+---------+-------
